Workbook
Name _: #REF!
Name _: #REF!
Name RATING: 'IC Summary'!$M$2:$M$6

Sheet INSTRUCTIONS
A1: ID-E Internal Controls Scorecard
A3: 1 | B3: This workbook is intended as an internal controls tool for Garrison
B4: and Region Level Internal Controls and Quality Review Specialists to assist in
B5: regular inspections such as the MICP, OIP, IMCOM 215-1-1
B6: Business Operating Standards (BOS) Scorecard, and fulfilling requirements in
B7: the completion of the Annual Statement of Assurance
A9: 2 | B9: This Scorecard is a supplement to, not a replacement of, the IMCOM 215-1
B10: BOS Scorecard
A12: 3 | B12: Responsibilities for IMCOM BOS Scorecard are outlined in 215-1-1
B13: under Chapter 2 Responsiblities. Responsible entities are:
B14: IMCOM Directorates
B15: Garrison Commanders/Garrison Managers
B16: DFMWRS
B17: Program Managers and Supervisors
B19: Instructions:
A20: 1 | B20: Each sheet is fully automated. When using the dropdown menu, scores will
B21: automatically be assigned and calculated
A23: 2 | B23: If the sheets are printed out and manually entered, assign points as follows:
B24: "Yes" = full point value (amount in the green box)
B25: "Incomplete" = one half (1/2) of the total points possible (from the green box)
B26: "No" = zero points
B27: "N/A" = blank
B28: if the question is N/A, calculate the total possible point value of all questions that
B29: are N/A, record this amount in the yellow highlighted box at the bottom of each
B30: scorecard, then deduct that amount from the total points possible.
A32: 3 | B32: Each worksheet is protected to prevent error, however there is no password.
B33: Simply unprotect.
B35: The POC for this workbook is ID-E, G9 FMIC
B36: For questions please contact
B37: Angela Gerstner
B38: Management Analyst
B39: 544-9697
B40: angela.j.gerstner.naf@army.mil

Sheet IC Summary
A1: INTERNAL CONTROLS REVIEW
M2: YES
A3: INSTALLATION | M3: Incomplete
A4: DATE | M4: NO
M5: N/A
A6: TEAM MEMBERS
A11: LEGEND: | C11: 100%-90% =
C12: 89%-75% =
C13: 74%-0% =
A16: ACTIVITY SUMMARY | E16: TOT PTS AVAIL | F16: TOT PTS EARNED | G16: %
A18: TOTAL SCORE | E18: =SUM(E20:E31) -> 1726 | F18: =SUM(F20:F31) -> 0 | G18: =IFERROR(F18/E18,"N/A") -> 0
A20: SAFES | E20: =Safes!C93 -> 248 | F20: =Safes!D93 -> 0 | G20: =IFERROR(F20/E20,"N/A") -> 0
A21: CASH REGISTER OPERATION | E21: ='Cash Register Ops'!C84 -> 218 | F21: ='Cash Register Ops'!D84 -> 0 | G21: =IFERROR(F21/E21,"N/A") -> 0
A22: KEY CONTROL | E22: ='Key Control'!C73 -> 152 | F22: ='Key Control'!D73 -> 0 | G22: =IFERROR(F22/E22,"N/A") -> 0
A23: GOVCC | E23: =GOVCC!C65 -> 160 | F23: =GOVCC!D65 -> 0 | G23: =IFERROR(F23/E23,"N/A") -> 0
A24: FOOD | E24: =Food!C80 -> 130 | F24: =Food!D80 -> 0 | G24: =IFERROR(F24/E24,"N/A") -> 0
A25: BAR | E25: =Bar!C90 -> 204 | F25: =Bar!D90 -> 0 | G25: =IFERROR(F25/E25,"N/A") -> 0
A26: RETAIL | E26: =Retail!C42 -> 54 | F26: =Retail!D42 -> 0 | G26: =IFERROR(F26/E26,"N/A") -> 0
A27: TIME & ATTENDANCE | E27: ='Time & Attendance'!C45 -> 74 | F27: ='Time & Attendance'!D45 -> 0 | G27: =IFERROR(F27/E27,"N/A") -> 0
A28: VAT | E28: =VAT!C87 -> 264 | F28: =VAT!D87 -> 0 | G28: =IFERROR(F28/E28,"N/A") -> 0
A29: UTAP | E29: =UTAP!C38 -> 128 | F29: =UTAP!D38 -> 0 | G29: =IFERROR(F29/E29,"N/A") -> 0
A30: VEHICLES | E30: =Vehicles!C45 -> 52 | F30: =Vehicles!D45 -> 0 | G30: =IFERROR(F30/E30,"N/A") -> 0
A31: VENDING - AMUSEMENT | E31: ='Vending-Amusement'!C48 -> 42 | F31: ='Vending-Amusement'!D48 -> 0 | G31: =IFERROR(F31/E31,"N/A") -> 0
A32: BOWLING CENTERS | E32: ='Bowling Centers'!C42 -> 36 | F32: ='Bowling Centers'!D42 -> 0 | G32: =IFERROR(F32/E32,"N/A") -> 0
A33: ARMS ROOM | E33: ='Arms Room'!C88 -> 460 | F33: ='Arms Room'!D88 -> 0 | G33: =IFERROR(F33/E33,"N/A") -> 0
A35: NOTE: If any area or item within an area is non-applicable, select "N/A". Calculate the point value from questions marked "N/A" and enter that total value in the yellow highlighted box at the bottom of each scorecard.

Sheet Safes
A1: INTERNAL CONTROL REVIEW
A2: Scoring: "Yes" = Full Points, "Incomplete" = 1/2 Points, "No"=0, N/A = Blank
A4: INSTALLATION
A5: ACTIVITY
A6: DATE
A8: SAFE SECURITY, CASH DEPOSITS & PETTY CASH | E8: PAGE 1 OF 2
A9: References:
A10: Family and MWR Business Operations Internal Controls Manual (ICM) Chapters 5, 14
A11: AR215-1 Appendix G-3
B12: Rating Dropdown | C12: Points Possible | D12: Score: | E12: Notes:
A13: 1. Security Container Information (SF 700)
A14: ICM Chapter 5, AR 215-1 Appendix G-3
A15: a. Filled out completely | C15: 6 | D15: =IF(B15="yes",6,IF(B15="incomplete",3,IF(B15="no",0,IF(B15="N/A","",""))))
A16: b. Accurate personnel | C16: 6 | D16: =IF(B16="yes",6,IF(B16="incomplete",3,IF(B16="no",0,IF(B16="N/A","",""))))
A17: c. 1st page attached to inside of safe | C17: 6 | D17: =IF(B17="yes",6,IF(B17="incomplete",3,IF(B17="no",0,IF(B17="N/A","",""))))
A19: 2. Safe Combinations
A20: ICM Chapter 5, AR 215-1 Appendix G-3
A21: a. Changed when an individual who knows the combination no longer | C21: 10 | D21: =IF(B21="yes",10,IF(B21="incomplete",5,IF(B21="no",0,IF(B21="N/A","",""))))
A22: requires access
A23: b. Changed at least annually | C23: 10 | D23: =IF(B23="yes",10,IF(B23="incomplete",5,IF(B23="no",0,IF(B23="N/A","",""))))
A25: 3. Security Container Check Sheet
A26: ICM Chapter 5, AR 215-1 Appendix G-3
A27: a. Displayed on all security containers and safes | C27: 6 | D27: =IF(B27="yes",6,IF(B27="incomplete",3,IF(B27="no",0,IF(B27="N/A","",""))))
A28: b. Completed whenever a security container or safe is opened | C28: 6 | D28: =IF(B28="yes",6,IF(B28="incomplete",3,IF(B28="no",0,IF(B28="N/A","",""))))
A29: c. Filled out completely | C29: 6 | D29: =IF(B29="yes",6,IF(B29="incomplete",3,IF(B29="no",0,IF(B29="N/A","",""))))
A30: d. Records retained minimum of 90 days | C30: 6 | D30: =IF(B30="yes",6,IF(B30="incomplete",3,IF(B30="no",0,IF(B30="N/A","",""))))
A32: 4. Fund Authorization Letter
A33: ICM Chapter 5, AR 215-1 Appendix G-3
A34: a. Accurately reflects amount of funds in the safe | C34: 6 | D34: =IF(B34="yes",6,IF(B34="incomplete",3,IF(B34="no",0,IF(B34="N/A","",""))))
A35: b. Attached inside the safe | C35: 6 | D35: =IF(B35="yes",6,IF(B35="incomplete",3,IF(B35="no",0,IF(B35="N/A","",""))))
A37: 5. Activity Safe Counts
A38: ICM Chapter 5, AR 215-1 Appendix G-3
A39: a. Completed at beginning and end of day | C39: 10 | D39: =IF(B39="yes",10,IF(B39="incomplete",5,IF(B39="no",0,IF(B39="N/A","",""))))
A40: b. Completed at change of shift w/outgoing and incoming staff | C40: 10 | D40: =IF(B40="yes",10,IF(B40="incomplete",5,IF(B40="no",0,IF(B40="N/A","",""))))
A41: c. Date, time and responsible individual annotated | C41: 6 | D41: =IF(B41="yes",6,IF(B41="incomplete",3,IF(B41="no",0,IF(B41="N/A","",""))))
A42: d. Retained for at least 30 days | C42: 4 | D42: =IF(B42="yes",4,IF(B42="incomplete",2,IF(B42="no",0,IF(B42="N/A","",""))))
A44: 6. Quarterly Safe Counts by Disinterested Party | C44: 6 | D44: =IF(B44="yes",6,IF(B44="incomplete",3,IF(B44="no",0,IF(B44="N/A","",""))))
A45: ICM Chapter 5
A47: 7. Deposits made in IAW ICM
A48: ICM Chapter 5, AR 215-1 Appendix G-3
A49: a. Prepared in duplicate: 1-bank, 1-activity | C49: 6 | D49: =IF(B49="yes",6,IF(B49="incomplete",3,IF(B49="no",0,IF(B49="N/A","",""))))
A50: b. Deposited nightly or at start of next business day | C50: 10 | D50: =IF(B50="yes",10,IF(B50="incomplete",5,IF(B50="no",0,IF(B50="N/A","",""))))
A51: c. Deposit matches DAR | C51: 6 | D51: =IF(B51="yes",6,IF(B51="incomplete",3,IF(B51="no",0,IF(B51="N/A","",""))))
A52: d. Activity copy attached to DAR | C52: 4 | D52: =IF(B52="yes",4,IF(B52="incomplete",2,IF(B52="no",0,IF(B52="N/A","",""))))
A54: 8. Petty Cash | E54: PAGE 2 OF 2
A55: ICM Chapter 5, AR 215-1 Appendix G-4
A56: a. Used only for items, services or incidental expenses where | C56: 6 | D56: =IF(B56="yes",6,IF(B56="incomplete",3,IF(B56="no",0,IF(B56="N/A","",""))))
A57: payment by check or credit card is not feasible
A58: b. Employee signs for petty cash funds on a DA Form 4082 or | C58: 6 | D58: =IF(B58="yes",6,IF(B58="incomplete",3,IF(B58="no",0,IF(B58="N/A","",""))))
A59: similar type form when receiving monies to make a purchase
A60: c. DA Form 1994 is used to validate each petty cash transaction | C60: 6 | D60: =IF(B60="yes",6,IF(B60="incomplete",3,IF(B60="no",0,IF(B60="N/A","",""))))
A61: d. DA Form 1994 used in sequential order. No numbers missing | C61: 6 | D61: =IF(B61="yes",6,IF(B61="incomplete",3,IF(B61="no",0,IF(B61="N/A","",""))))
A62: e. DA Form 1994 filled out in ink or printed (not eraseable) and approved | C62: 6 | D62: =IF(B62="yes",6,IF(B62="incomplete",3,IF(B62="no",0,IF(B62="N/A","",""))))
A63: by authorized individual
A64: f. "Pay To" is the activity to whom the payment was made (i.e. | C64: 4 | D64: =IF(B64="yes",4,IF(B64="incomplete",2,IF(B64="no",0,IF(B64="N/A","",""))))
A65: Home Depot, Wal Mart)
A66: g. A separate voucher will be used for each disbursement. | C66: 6 | D66: =IF(B66="yes",6,IF(B66="incomplete",3,IF(B66="no",0,IF(B66="N/A","",""))))
A67: h. Paid vouchers and supporting documents are clearly marked "PAID", | C67: 4 | D67: =IF(B67="yes",4,IF(B67="incomplete",2,IF(B67="no",0,IF(B67="N/A","",""))))
A68: dated, and initialed by person making the disbursement.
A69: i. DA Form 1994's controlled by maintaining a log showing to | C69: 4 | D69: =IF(B69="yes",4,IF(B69="incomplete",2,IF(B69="no",0,IF(B69="N/A","",""))))
A70: whom they were issued
A71: j. Supporting documentation is attached to DA Form 1994 | C71: 6 | D71: =IF(B71="yes",6,IF(B71="incomplete",3,IF(B71="no",0,IF(B71="N/A","",""))))
A72: k. DA Form 1993 used to summarize the DA Form 1994's and | C72: 6 | D72: =IF(B72="yes",6,IF(B72="incomplete",3,IF(B72="no",0,IF(B72="N/A","",""))))
A73: submitted when seeking reimbursement
A74: l. Requests for reimbursement are made at least as of the last | C74: 4 | D74: =IF(B74="yes",4,IF(B74="incomplete",2,IF(B74="no",0,IF(B74="N/A","",""))))
A75: day of the month
A77: 9. Pre numbered Documents
A78: ICM Chapter 5
A79: a. Secured in safe when not in use | C79: 4 | D79: =IF(B79="yes",4,IF(B79="incomplete",2,IF(B79="no",0,IF(B79="N/A","",""))))
A81: 10. Overall Safe Security
A82: ICM Chapter 5, AR 215-1 Appendix G-3
A83: a. Limited Access: | C83: 10 | D83: =IF(B83="yes",10,IF(B83="incomplete",5,IF(B83="no",0,IF(B83="N/A","",""))))
A84: b. Opened Safes Attended at all times | C84: 10 | D84: =IF(B84="yes",10,IF(B84="incomplete",5,IF(B84="no",0,IF(B84="N/A","",""))))
A85: c. Safes Have Adequate Protection | C85: 10 | D85: =IF(B85="yes",10,IF(B85="incomplete",5,IF(B85="no",0,IF(B85="N/A","",""))))
A86: d. Safes 750lbs and below are bolted of floor | C86: 10 | D86: =IF(B86="yes",10,IF(B86="incomplete",5,IF(B86="no",0,IF(B86="N/A","",""))))
A88: 11. Funds are adequate for activity | C88: 4 | D88: =IF(B88="yes",4,IF(B88="incomplete",2,IF(B88="no",0,IF(B88="N/A","",""))))
A90: SubTotal of Possible Points | C90: =SUM(C15:C88) -> 248
A91: Total value of questions marked "N/A" | C91: =SUMIF(B15:C88,"N/A",C15:C88) -> 0
A93: TOTAL FOR SAFE SECURITY, CASH DEPOSITS & PETTY CASH: | C93: =+C90-C91 -> 248 | D93: =SUM(D15:D91) -> 0
A95: NOTES:

Sheet Cash Register Ops
A1: INTERNAL CONTROL REVIEW
A2: Scoring: "Yes" = Full Points, "Incomplete" = 1/2 Points, "No"=0, N/A = Blank
A4: INSTALLATION
A5: ACTIVITY
A6: DATE
A8: POINT OF SALE OPERATIONS | E8: PAGE 1 OF 2
A9: References:
A10: Family and MWR Business Operations Internal Controls Manual (ICM) Chapters 6, 18
A11: AR215-1 Appendix G-2
B12: Rating Dropdown | C12: Points Possible | D12: Score: | E12: Notes:
A13: 1. Point of Sale
A14: ICM Chapter 6, AR 215-1 Appendix G-2
A15: a. Point of Sale used to record all sales (or DA 1992 in lieu of) | C15: 10 | D15: =IF(B15="yes",10,IF(B15="incomplete",5,IF(B15="no",0,IF(B15="N/A","",""))))
A16: b. Sales amount displayed on register easily seen by customer | C16: 10 | D16: =IF(B16="yes",10,IF(B16="incomplete",5,IF(B16="no",0,IF(B16="N/A","",""))))
A17: or a register kick out tape or sales receipt given to customer
A19: 2. Register Change Funds
A20: ICM Chapter 6, AR 215-1 Appendix G-2
A21: a. Signed for by register operator on DA Form 4082 | C21: 8 | D21: =IF(B21="yes",8,IF(B21="incomplete",4,IF(B21="no",0,IF(B21="N/A","",""))))
A22: (Foreign and US currency should be recorded on separate 4082)
A23: b Pre-numbered cash control documents (guest checks, | C23: 8 | D23: =IF(B23="yes",8,IF(B23="incomplete",4,IF(B23="no",0,IF(B23="N/A","",""))))
A24: tickets, Quick Shot Bingo) issued on DA Form 4082
A25: c. DA Form 4082 kept in safe as a receipt for the issued | C25: 6 | D25: =IF(B25="yes",6,IF(B25="incomplete",3,IF(B25="no",0,IF(B25="N/A","",""))))
A26: change fund
A27: d. Upon end of shift, cashier completes a cash count with a | C27: 10 | D27: =IF(B27="yes",10,IF(B27="incomplete",5,IF(B27="no",0,IF(B27="N/A","",""))))
A28: responsible party to include change fund, pre-numbered cash
A29: control documents, and cash receipts.
A30: e. Register sales and pre-numbered documents reconciled with | C30: 8 | D30: =IF(B30="yes",8,IF(B30="incomplete",4,IF(B30="no",0,IF(B30="N/A","",""))))
A31: cash collected
A32: f. Unused pre-numbered documents recorded in applicable | C32: 6 | D32: =IF(B32="yes",6,IF(B32="incomplete",3,IF(B32="no",0,IF(B32="N/A","",""))))
A33: blocks on DA Form 4082
A34: g. Cashiers DO NOT keep overages NOR do they make up | C34: 10 | D34: =IF(B34="yes",10,IF(B34="incomplete",5,IF(B34="no",0,IF(B34="N/A","",""))))
A35: shortages
A36: h. Person accepting the cash at the end of the shift will verify | C36: 10 | D36: =IF(B36="yes",10,IF(B36="incomplete",5,IF(B36="no",0,IF(B36="N/A","",""))))
A37: and document the amount on DA Form 4082. This is done
A38: in the presence of the person relinquishing control.
A40: 3. Register Operation
A41: ICM Chapter 6, AR 215-1 Appendix G-2
A42: a. Only one person assigned to a cash drawer | C42: 10 | D42: =IF(B42="yes",10,IF(B42="incomplete",5,IF(B42="no",0,IF(B42="N/A","",""))))
A43: b. Personal items such as purses, bags, etc are not kept near | C43: 10 | D43: =IF(B43="yes",10,IF(B43="incomplete",5,IF(B43="no",0,IF(B43="N/A","",""))))
A44: register areas
A45: c. Sales are rung in individually | C45: 8 | D45: =IF(B45="yes",8,IF(B45="incomplete",4,IF(B45="no",0,IF(B45="N/A","",""))))
A46: d. Over/under rings are voided, not adjusted by adding or | C46: 8 | D46: =IF(B46="yes",8,IF(B46="incomplete",4,IF(B46="no",0,IF(B46="N/A","",""))))
A47: subtracting to a later customer sale
A48: e. Voids are only performed by management | C48: 8 | D48: =IF(B48="yes",8,IF(B48="incomplete",4,IF(B48="no",0,IF(B48="N/A","",""))))
A49: g. Point of Sale are not operated with drawer left open | C49: 10 | D49: =IF(B49="yes",10,IF(B49="incomplete",5,IF(B49="no",0,IF(B49="N/A","",""))))
A50: h. COB, registers emptied of cash and drawers left open with | C50: 6 | D50: =IF(B50="yes",6,IF(B50="incomplete",3,IF(B50="no",0,IF(B50="N/A","",""))))
A51: register controls locked
A52: i. Only managers or their representatives take register readings | C52: 6 | D52: =IF(B52="yes",6,IF(B52="incomplete",3,IF(B52="no",0,IF(B52="N/A","",""))))
A53: j. End of Shift report is included daily activity paperwork | C53: 6 | D53: =IF(B53="yes",6,IF(B53="incomplete",3,IF(B53="no",0,IF(B53="N/A","",""))))
A56: 4. Daily Activity Reports (DARS) | E56: PAGE 2 OF 2
A57: ICM Chapter 6, AR 215-1 Appendix G-2
A58: a. Filled out correctly | C58: 6 | D58: =IF(B58="yes",6,IF(B58="incomplete",3,IF(B58="no",0,IF(B58="N/A","",""))))
A59: b. Copy of deposit slip attached | C59: 4 | D59: =IF(B59="yes",4,IF(B59="incomplete",2,IF(B59="no",0,IF(B59="N/A","",""))))
A60: c. Reviewed by management | C60: 4 | D60: =IF(B60="yes",4,IF(B60="incomplete",2,IF(B60="no",0,IF(B60="N/A","",""))))
A61: d. Sent to DFAS/FMD within two working days | C61: 4 | D61: =IF(B61="yes",4,IF(B61="incomplete",2,IF(B61="no",0,IF(B61="N/A","",""))))
A63: 5. Overage/Shortage Logs
A64: ICM Chapter 6, AR 215-1 Appendix G-2
A65: a. RecTrak report retained on file, automated to be sent to FMD Daily | C65: 8 | D65: =IF(B65="yes",8,IF(B65="incomplete",4,IF(B65="no",0,IF(B65="N/A","",""))))
A66: b. Entries made for each shift the employee worked | C66: 4 | D66: =IF(B66="yes",4,IF(B66="incomplete",2,IF(B66="no",0,IF(B66="N/A","",""))))
A67: c. If no overage/shortage for shift, it is annotated as such | C67: 4 | D67: =IF(B67="yes",4,IF(B67="incomplete",2,IF(B67="no",0,IF(B67="N/A","",""))))
A68: d. Log includes date, total register accountability, total cashier | C68: 6 | D68: =IF(B68="yes",6,IF(B68="incomplete",3,IF(B68="no",0,IF(B68="N/A","",""))))
A69: accountability, over/short in dollars and percentage,
A70: explanations for variances over 2%, monthly totals, and
A71: employee signature at EOM
A73: 6. Surprise Cash Counts
A74: ICM Chapter 6, AR 215-1 Appendix G-2
A75: a. Managers or their representatives make unannounced counts | C75: 10 | D75: =IF(B75="yes",10,IF(B75="incomplete",5,IF(B75="no",0,IF(B75="N/A","",""))))
A76: on a position that handles cash at least quarterly
A77: b. Recorded on a DA Form 4082 or similar type form | C77: 6 | D77: =IF(B77="yes",6,IF(B77="incomplete",3,IF(B77="no",0,IF(B77="N/A","",""))))
A78: c. Kept on file for at least 3 years | C78: 4 | D78: =IF(B78="yes",4,IF(B78="incomplete",2,IF(B78="no",0,IF(B78="N/A","",""))))
A81: SubTotal of Possible Points | C81: =SUM(C8:C79) -> 218
A82: Total value of questions marked "N/A" | C82: =SUMIF(B8:C79,"N/A",C8:C79) -> 0
A84: =CONCATENATE("Total for"," ",A8) -> Total for POINT OF SALE OPERATIONS | C84: =+C81-C82 -> 218 | D84: =SUM(D8:D82) -> 0
A86: NOTES:

Sheet Key Control
A1: INTERNAL CONTROL REVIEW
A2: Scoring: "Yes" = Full Points, "Incomplete" = 1/2 Points, "No"=0, N/A = Blank
A4: INSTALLATION
A5: ACTIVITY
A6: DATE
A8: KEY CONTROL | E8: PAGE 1 OF 2
A9: References:
A10: Family and MWR Business Operations Internal Controls Manual (ICM) Chapter 12
A11: AR215-1 Appendix G-3
B12: Rating Dropdown | C12: Points Possible | D12: Score: | E12: Notes:
A13: 1. Appointment Letter
A14: ICM Chapter 12
A15: a. Primary/alternate key custodian appointed in writing | C15: 4 | D15: =IF(B15="yes",4,IF(B15="incomplete",2,IF(B15="no",0,IF(B15="N/A","",""))))
A16: b. Key custodian cannot be self appointed | C16: 4 | D16: =IF(B16="yes",4,IF(B16="incomplete",2,IF(B16="no",0,IF(B16="N/A","",""))))
A18: 2. Access Roster
A19: ICM Chapter 12
A20: a. Reflects all personnel authorized to issue and receive keys | C20: 6 | D20: =IF(B20="yes",6,IF(B20="incomplete",3,IF(B20="no",0,IF(B20="N/A","",""))))
A21: b. Determines which employees may receive what keys | C21: 6 | D21: =IF(B21="yes",6,IF(B21="incomplete",3,IF(B21="no",0,IF(B21="N/A","",""))))
A22: c. Signed by the key custodian | C22: 4 | D22: =IF(B22="yes",4,IF(B22="incomplete",2,IF(B22="no",0,IF(B22="N/A","",""))))
A23: d. Posted on the key box | C23: 4 | D23: =IF(B23="yes",4,IF(B23="incomplete",2,IF(B23="no",0,IF(B23="N/A","",""))))
A25: 3. Key Depository
A26: ICM Chapter 12
A27: a. Filing cabinet, safe or key depository made of at least 26 | C27: 6 | D27: =IF(B27="yes",6,IF(B27="incomplete",3,IF(B27="no",0,IF(B27="N/A","",""))))
A28: gauge steel, equipped with a tumbler type locking device
A29: b. Permanently affixed to a wall | C29: 2
A30: c. Kept in a room that is locked when unoccupied or | C30: 10 | D30: =IF(B30="yes",10,IF(B30="incomplete",5,IF(B30="no",0,IF(B30="N/A","",""))))
A31: under 24-hour surveillance
A33: 4. Master Inventory
A34: ICM Chapter 12
A35: a. Includes serial number of the key or lock, location of the | C35: 8 | D35: =IF(B35="yes",8,IF(B35="incomplete",4,IF(B35="no",0,IF(B35="N/A","",""))))
A36: lock, total number of keys maintained for the lock, where the
A37: keys are located and hook number
A38: b. Master inventory is secured in a locked container when not in | C38: 8 | D38: =IF(B38="yes",8,IF(B38="incomplete",4,IF(B38="no",0,IF(B38="N/A","",""))))
A39: use
A41: 5. Key Control Register
A42: ICM Chapter 12, AR 215-1 Appendix G-3
A43: a. Key or lock serial number listed under "Key Control Numbers" | C43: 6 | D43: =IF(B43="yes",6,IF(B43="incomplete",3,IF(B43="no",0,IF(B43="N/A","",""))))
A44: b. All keys signed in and out by authorized personnel with | C44: 10 | D44: =IF(B44="yes",10,IF(B44="incomplete",5,IF(B44="no",0,IF(B44="N/A","",""))))
A45: date and time annotated
A46: c. Kept in a locked container with controlled access when not in | C46: 10 | D46: =IF(B46="yes",10,IF(B46="incomplete",5,IF(B46="no",0,IF(B46="N/A","",""))))
A47: use
A48: d. Key rings or sets are signed out on a separate register | C48: 4 | D48: =IF(B48="yes",4,IF(B48="incomplete",2,IF(B48="no",0,IF(B48="N/A","",""))))
A49: e. Key control registers are retained for at least 90 days after the | C49: 2
A50: last entry
A52: 6. Permanently Issued Keys
A53: ICM Chapter 12
A54: a. Kept to the minimum necessary | C54: 10 | D54: =IF(B54="yes",10,IF(B54="incomplete",5,IF(B54="no",0,IF(B54="N/A","",""))))
A55: b. Signed for on DA Form 5513-R or hand receipt | C55: 10 | D55: =IF(B55="yes",10,IF(B55="incomplete",5,IF(B55="no",0,IF(B55="N/A","",""))))
A58: 7. Inventories | E58: PAGE 2 OF 2
A59: ICM Chapter 12
A60: a. Daily issued keys are checked at the end of the day | C60: 10 | D60: =IF(B60="yes",10,IF(B60="incomplete",5,IF(B60="no",0,IF(B60="N/A","",""))))
A61: b. Personally retained keys inventoried at least quarterly on a | C61: 10 | D61: =IF(B61="yes",10,IF(B61="incomplete",5,IF(B61="no",0,IF(B61="N/A","",""))))
A62: "show basis"
A63: c. All keys inventoried by serial number at least semi-annually | C63: 10 | D63: =IF(B63="yes",10,IF(B63="incomplete",5,IF(B63="no",0,IF(B63="N/A","",""))))
A64: d. Memorandum for Record prepared for each 100% inventory | C64: 6 | D64: =IF(B64="yes",6,IF(B64="incomplete",3,IF(B64="no",0,IF(B64="N/A","",""))))
A65: stating all keys were inventoried and what, if any,
A66: discrepancies were found
A67: e. Inventory documentation maintained on file for a minimum | C67: 2
A68: of one year
A70: SubTotal of Possible Points | C70: =SUM(C15:C69) -> 152
A71: Total value of questions marked "N/A" | C71: =SUMIF(B15:C67,"N/A",C15:C67) -> 0
A73: =CONCATENATE("Total for"," ",A8) -> Total for KEY CONTROL | C73: =+C70-C71 -> 152 | D73: =SUM(D15:D72) -> 0
A75: NOTES:

Sheet Food
A1: INTERNAL CONTROL REVIEW
A2: Scoring: "Yes" = Full Points, "Incomplete" = 1/2 Points, "No"=0, N/A = Blank
A4: INSTALLATION
A5: ACTIVITY
A6: DATE
A8: FOOD OPERATIONS | E8: PAGE 1 OF 2
A9: References:
A10: ICM Chapter 4, 11 & 17
A11: DoD 7000.14 - R, Volume 13 Chapter 3
A12: AR 215-1 Appendix G3, G6 and G7
B13: Rating Dropdown | C13: Points Possible | D13: Score: | E13: Notes:
A15: 1. Foodtrak or similar automated inventory system is used and | C15: 10
A16: current
A17: ICM Chapter 11
A19: 2. Scatter Sheets
A20: ICM Chapter 17, AR 215-1 Appendix G7
A21: a. Analyzed by management for accuracy and trends | C21: 4
A22: b. Cashiers monitored for accuracy | C22: 2
A23: c. Expected sales compared to actual sales | C23: 2
A24: d. Variances investigated and documented | C24: 2
A26: 3. Inventories
A27: ICM Chapter 11, AR 215-1 Appendix G-6
A28: a. Perpetual inventories are in place and current | C28: 10
A29: b. Sensitive item inventories are in place and current | C29: 10
A30: c. Surprise inventories by management completed at least | C30: 4 | D30: =IF(B30="yes",4,IF(B30="incomplete",2,IF(B30="no",0,IF(B30="N/A","",""))))
A31: monthly
A33: 4. End of Month Inventories
A34: ICM Chapter 11, AR 215-1 Appendix G-3, DoD 7000.14 - R Vol. 13 Chapter 3
A35: a. Completed as of the last business day of each month | C35: 4 | D35: =IF(B35="yes",4,IF(B35="incomplete",2,IF(B35="no",0,IF(B35="N/A","",""))))
A36: b. Completed with two people working pairs | C36: 4 | D36: =IF(B36="yes",4,IF(B36="incomplete",2,IF(B36="no",0,IF(B36="N/A","",""))))
A37: c. Inventories conducted and listed separately for each dept. | C37: 2
A38: d. Each inventory includes a visual count of merchandise and | C38: 2
A39: comparison of results of balances carried on perpetual inv.
A40: e. Open and partial containers (such as coffee, spices, etc) in | C40: 2
A41: the production areas are not included on EOM
A43: 5. Kitchen security
A44: AR 215-1 Appendix G-6
A45: a. Kitchen storage areas are secure when not in use | C45: 8 | D45: =IF(B45="yes",8,IF(B45="incomplete",4,IF(B45="no",0,IF(B45="N/A","",""))))
A46: b. All inventory items are secured when not in use (i.e. chips, | C46: 8 | D46: =IF(B46="yes",8,IF(B46="incomplete",4,IF(B46="no",0,IF(B46="N/A","",""))))
A47: candy, cigarettes)
A48: c. Employee parking is not allowed near the receiving area | C48: 4 | D48: =IF(B48="yes",4,IF(B48="incomplete",2,IF(B48="no",0,IF(B48="N/A","",""))))
A50: 6. Separation of duties (ordering, receiving, and issuing) | C50: 2
A52: 7. Scale used for deliveries when required | C52: 2
A55: 8. Breakage and Spoilage
A56: ICM Chapter 4
A57: a. Proper items recorded (i.e. leftovers are NOT approved items) | C57: 2
A58: b. Total breakage & spoilage does not exceed 1% of total sales | C58: 2
A60: 1. Employee Meals | E60: PAGE 2 OF 2
A61: ICM Chapter 9, AR 215-1 Chapter 13, DFAS In 37-1 Chapter 32
A62: a. Authorized employees only | C62: 8 | D62: =IF(B62="yes",8,IF(B62="incomplete",4,IF(B62="no",0,IF(B62="N/A","",""))))
A63: b. Standard discount (50% or % determined by local SOP) | C63: 6 | D63: =IF(B63="yes",6,IF(B63="incomplete",3,IF(B63="no",0,IF(B63="N/A","",""))))
A64: c. DA Form 5069 (Employee Meal Register) used | C64: 6 | D64: =IF(B64="yes",6,IF(B64="incomplete",3,IF(B64="no",0,IF(B64="N/A","",""))))
A65: d. DA Form 5069 prepared by cashier on duty | C65: 4 | D65: =IF(B65="yes",4,IF(B65="incomplete",2,IF(B65="no",0,IF(B65="N/A","",""))))
A66: e. DA Form 5069 completed and accurate | C66: 6 | D66: =IF(B66="yes",6,IF(B66="incomplete",3,IF(B66="no",0,IF(B66="N/A","",""))))
A67: f. DA Form 5069 sent forward with DA Form 4082 to CAO | C67: 4 | D67: =IF(B67="yes",4,IF(B67="incomplete",2,IF(B67="no",0,IF(B67="N/A","",""))))
A68: if not using automated system that breaks out employee meals
A69: g. File copy retained at activity | C69: 4 | D69: =IF(B69="yes",4,IF(B69="incomplete",2,IF(B69="no",0,IF(B69="N/A","",""))))
A71: 6. Sanitation Training
A72: AR 215-1 Chapter 13, TB MED 530
A73: a. Food service employees have been trained in the practices | C73: 6 | D73: =IF(B73="yes",6,IF(B73="incomplete",3,IF(B73="no",0,IF(B73="N/A","",""))))
A74: and principles of foodbourne illness prevention and in first
A75: aid for choking
A77: SubTotal of Possible Points | C77: =SUM(C15:C75) -> 130
A78: Total value of questions marked "N/A" | C78: =SUMIF(B15:C73,"N/A",C15:C73) -> 0
A80: =CONCATENATE("Total for"," ",A8) -> Total for FOOD OPERATIONS | C80: =+C77-C78 -> 130 | D80: =SUM(D15:D79) -> 0
A82: NOTES:

Sheet Bar
A1: INTERNAL CONTROL REVIEW
A2: Scoring: "Yes" = Full Points, "Incomplete" = 1/2 Points, "No"=0, N/A = Blank
A4: INSTALLATION
A5: ACTIVITY
A6: DATE
A8: BAR OPERATIONS: | E8: PAGE 1 OF 2
A9: References:
A10: ICM Chapters 2, 3, 4, 8 & 11
A11: DoD 7000.14 - R, Volume 13 Chapter 3
A12: AR 215-1, Appendix G
A13: AR 215-1, Chapter 10-8
B14: Rating Dropdown | C14: Points Possible | D14: Score: | E14: Notes:
A15: Beverage Controls - ICM Chapters 2, 3, 4, 8 & 11
A17: 1. All bar supply areas are kept locked unless in use | C17: 8 | D17: =IF(B17="yes",8,IF(B17="incomplete",4,IF(B17="no",0,IF(B17="N/A","",""))))
A18: ICM Chapter 3, DoD 7000.14 - R, Volume 13 Chapter 3
A20: 2. Each bar is considered a separate operation with it's own | C20: 8 | D20: =IF(B20="yes",8,IF(B20="incomplete",4,IF(B20="no",0,IF(B20="N/A","",""))))
A21: sales accountability
A22: ICM Chapter 2, DoD 7000.14 - R, Volume 13 Chapter 3
A24: 3. Bar Inventories
A25: ICM Chapters 2, 3 & 11
A26: a. Conducted daily if COGS > 25% or there is a monthly | C26: 10 | D26: =IF(B26="yes",10,IF(B26="incomplete",5,IF(B26="no",0,IF(B26="N/A","",""))))
A27: fluctuation of 2% or more
A28: b. Surprise bar inventory at least once/month/employee | C28: 6
A29: c. Tare weights are accurate | C29: 4 | D29: =IF(B29="yes",4,IF(B29="incomplete",2,IF(B29="no",0,IF(B29="N/A","",""))))
A30: d. Beginning and ending inventories are correct | C30: 4 | D30: =IF(B30="yes",4,IF(B30="incomplete",2,IF(B30="no",0,IF(B30="N/A","",""))))
A31: e. All receipts of bar products are accurately recorded | C31: 4 | D31: =IF(B31="yes",4,IF(B31="incomplete",2,IF(B31="no",0,IF(B31="N/A","",""))))
A32: f. Accurate pricing for all items on registers & inventory sheets | C32: 4 | D32: =IF(B32="yes",4,IF(B32="incomplete",2,IF(B32="no",0,IF(B32="N/A","",""))))
A33: g. Bartenders sign for inventory for sales accountability period | C33: 4 | D33: =IF(B33="yes",4,IF(B33="incomplete",2,IF(B33="no",0,IF(B33="N/A","",""))))
A34: h. Opening and closing readings validated | C34: 4 | D34: =IF(B34="yes",4,IF(B34="incomplete",2,IF(B34="no",0,IF(B34="N/A","",""))))
A35: i. Person other than bartender completing bar inventories | C35: 6
A37: 4. Draft Beer
A38: ICM Chapter 8
A39: a. Draft beer sales accountability completed upon change | C39: 10 | D39: =IF(B39="yes",10,IF(B39="incomplete",5,IF(B39="no",0,IF(B39="N/A","",""))))
A40: of shift
A41: b. Beer taps are locked or draft beer otherwise secure | C41: 6 | D41: =IF(B41="yes",6,IF(B41="incomplete",3,IF(B41="no",0,IF(B41="N/A","",""))))
A42: c. Cooperage account properly set up and invoices coded | C42: 4 | D42: =IF(B42="yes",4,IF(B42="incomplete",2,IF(B42="no",0,IF(B42="N/A","",""))))
A43: correctly (GLAC 128)
A44: d. Kegs are rotated within 7-10 days of tapping | C44: 2
A45: e. Draft beer lines cleaned at least monthly | C45: 2
A47: 5. Bartender Variance Log
A48: ICM Chapter 3, AR 215-1 Appendix G-7
A49: a. Maintained on each bartender for each shift worked | C49: 4 | D49: =IF(B49="yes",4,IF(B49="incomplete",2,IF(B49="no",0,IF(B49="N/A","",""))))
A50: b. Includes bartenders name, bar worked, date of shift, | C50: 2
A51: cash +/- and inventory +/-
A52: c. Variances over 2 % are investigated and appropriate action | C52: 2
A53: taken
A55: 6. Reduced Price Beverages | E55: PAGE 2 OF 2
A56: ICM Chapter 2, AR 215-1 Chapter 10-8
A57: a. Has the reduced priced beverage program been approved | C57: 10 | D57: =IF(B57="yes",10,IF(B57="incomplete",5,IF(B57="no",0,IF(B57="N/A","",""))))
A58: by the Garrison Commander in writing
A59: b. Are the regular bar prices within 80% of the regular local bar | C59: 10 | D59: =IF(B59="yes",10,IF(B59="incomplete",5,IF(B59="no",0,IF(B59="N/A","",""))))
A60: price
A61: c. Are reduced prices greater than 50% of normal pricing | C61: 10 | D61: =IF(B61="yes",10,IF(B61="incomplete",5,IF(B61="no",0,IF(B61="N/A","",""))))
A62: d. Are reduced prices offered more than two hours per day | C62: 10 | D62: =IF(B62="yes",10,IF(B62="incomplete",5,IF(B62="no",0,IF(B62="N/A","",""))))
A63: e. Are reduced prices used to increase sales during slow periods | C63: 10 | D63: =IF(B63="yes",10,IF(B63="incomplete",5,IF(B63="no",0,IF(B63="N/A","",""))))
A64: f. Is there a separate inventory for both regular and reduced | C64: 10 | D64: =IF(B64="yes",10,IF(B64="incomplete",5,IF(B64="no",0,IF(B64="N/A","",""))))
A65: prices and reconciled daily
A66: g. Does reduced prices apply to all beverages | C66: 10 | D66: =IF(B66="yes",10,IF(B66="incomplete",5,IF(B66="no",0,IF(B66="N/A","",""))))
A67: h. Are reduced prices offered more than ten hours per week | C67: 10 | D67: =IF(B67="yes",10,IF(B67="incomplete",5,IF(B67="no",0,IF(B67="N/A","",""))))
A69: 7. End of Month Inventories
A70: ICM Chapter 11, AR 215-1 Appendix G-6.c
A71: a. Completed as of the last business day of the each month | C71: 4 | D71: =IF(B71="yes",4,IF(B71="incomplete",2,IF(B71="no",0,IF(B71="N/A","",""))))
A72: b. Completed with two people working pairs | C72: 4 | D72: =IF(B72="yes",4,IF(B72="incomplete",2,IF(B72="no",0,IF(B72="N/A","",""))))
A73: c. Inventories conducted and listed separately for each dept. | C73: 2
A74: d. Each inventory includes a visual count of merchandise and | C74: 2
A75: comparison of results of balances carried on perpetual inv.
A76: e. Bar condiments and garnishes charged to cost of goods | C76: 2
A77: when issued and not counted on EOM
A79: 5. ASIP/Bar Code Certification
A80: ICM Chapter 2, AR 215-1 Chapter 10-8
A81: a. All employees involved in selling alcoholic beverages are | C81: 6 | D81: =IF(B81="yes",6,IF(B81="incomplete",3,IF(B81="no",0,IF(B81="N/A","",""))))
A82: trained within 30 days of hire
A83: b. All employees involved in selling alcoholic beverages are | C83: 6 | D83: =IF(B83="yes",6,IF(B83="incomplete",3,IF(B83="no",0,IF(B83="N/A","",""))))
A84: recertified at least annually
A85: c. Training is documented in the employee's file | C85: 4 | D85: =IF(B85="yes",4,IF(B85="incomplete",2,IF(B85="no",0,IF(B85="N/A","",""))))
A87: SubTotal of Possible Points | C87: =SUM(C17:C85) -> 204
A88: Total value of questions marked "N/A" | C88: =SUMIF(B17:C85,"N/A",C17:C85) -> 0
A90: =CONCATENATE("Total for"," ",A8) -> Total for BAR OPERATIONS: | C90: =+C87-C88 -> 204 | D90: =SUM(D17:D89) -> 0
A92: NOTES:

Sheet Retail
A1: INTERNAL CONTROL REVIEW
A2: Scoring: "Yes" = Full Points, "Incomplete" = 1/2 Points, "No"=0, N/A = Blank
A4: INSTALLATION
A5: ACTIVITY
A6: DATE
A8: RETAIL/PRO SHOP OPERATIONS: | E8: PAGE 1 OF 1
A9: References:
A10: ICM Chapter 16
A11: AR 215-1 Appendix G-6, G-7
B12: Rating Dropdown | C12: Points Possible | D12: Score: | E12: Notes:
A13: 1. Inventories
A14: ICM Chapter 11, AR 215-1 Appendix G-6
A15: a. Perpetual inventories are in place and current | C15: 10 | D15: =IF(B15="yes",10,IF(B15="incomplete",5,IF(B15="no",0,IF(B15="N/A","",""))))
A16: b. Sensitive item inventories are in place and current | C16: 10 | D16: =IF(B16="yes",10,IF(B16="incomplete",5,IF(B16="no",0,IF(B16="N/A","",""))))
A17: c. Surprise inventories are completed by management at least | C17: 4 | D17: =IF(B17="yes",4,IF(B17="incomplete",2,IF(B17="no",0,IF(B17="N/A","",""))))
A18: monthly
A20: 2. End of Month Inventories
A21: ICM Chapter 11, AR 215-1 Appendix G-6
A22: a. Completed with two people working in pairs | C22: 4 | D22: =IF(B22="yes",4,IF(B22="incomplete",2,IF(B22="no",0,IF(B22="N/A","",""))))
A23: b. Inventories conducted and listed separately for each dept. | C23: 4 | D23: =IF(B23="yes",4,IF(B23="incomplete",2,IF(B23="no",0,IF(B23="N/A","",""))))
A24: c. Each inventory includes a visual count of merchandise and | C24: 2
A25: comparison of results of balances carried on perpetual inv.
A26: d. Shortages and overages recorded separately and posted | C26: 4 | D26: =IF(B26="yes",4,IF(B26="incomplete",2,IF(B26="no",0,IF(B26="N/A","",""))))
A27: to Stock Record Cards or automated system
A28: e. 100% inventories completed in May and September unless | C28: 6 | D28: =IF(B28="yes",6,IF(B28="incomplete",3,IF(B28="no",0,IF(B28="N/A","",""))))
A29: net difference is 5% of total stock record mdse or exceeds
A30: $2500 (must then be taken monthly until variance is within
A31: 1% for two consecutive months)
A33: 3. Sales Accountability
A34: ICM Chapter 16, AR 215-1 Appendix G-7
A35: a. Retail sales accountability tests are performed on a | C35: 6 | D35: =IF(B35="yes",6,IF(B35="incomplete",3,IF(B35="no",0,IF(B35="N/A","",""))))
A36: reoccurring basis by management (at least monthly)
A37: b. Variances are investigated and documented | C37: 4 | D37: =IF(B37="yes",4,IF(B37="incomplete",2,IF(B37="no",0,IF(B37="N/A","",""))))
A39: SubTotal of Possible Points | C39: =SUM(C15:C37) -> 54
A40: Total value of questions marked "N/A" | C40: =SUMIF(B15:C37,"N/A",C15:C37) -> 0
A42: =CONCATENATE("Total for"," ",A8) -> Total for RETAIL/PRO SHOP OPERATIONS: | C42: =+C39-C40 -> 54 | D42: =SUM(D15:D37) -> 0
A44: NOTES:

Sheet Vending-Amusement
A1: INTERNAL CONTROL REVIEW
A2: Scoring: "Yes" = Full Points, "Incomplete" = 1/2 Points, "No"=0, N/A = Blank
A4: INSTALLATION
A5: ACTIVITY
A6: DATE
A8: VENDING AND AMUSEMENT MACHINES | E8: PAGE 1 OF 1
A9: References:
A10: Family and MWR Business Operations Internal Controls Manual (ICM) Chapter 20
A11: AR215-1 Section II 8-5
B12: Rating Dropdown | C12: Points Possible | D12: Score: | E12: Notes:
A13: 1. Access
A14: ICM Chapter 20, AR 215-1 Section II 8-5
A15: a. Current machine inventory is on hand to include serial | C15: 4 | D15: =IF(B15="yes",4,IF(B15="incomplete",2,IF(B15="no",0,IF(B15="N/A","",""))))
A16: number and location of machine
A17: b. Concessionaire-owned machines will have at least two | C17: 4 | D17: =IF(B17="yes",4,IF(B17="incomplete",2,IF(B17="no",0,IF(B17="N/A","",""))))
A18: locks; one to access the machine and one NAFI-owned
A19: lock to access the cash box
A20: c. All keys are controlled to restrict access | C20: 8 | D20: =IF(B20="yes",8,IF(B20="incomplete",4,IF(B20="no",0,IF(B20="N/A","",""))))
A22: 2. Collections
A23: ICM Chapter 20, AR 215-1 Section II 8-5
A24: a. DA Form 4083-R (Vending and Amusement Machine | C24: 4 | D24: =IF(B24="yes",4,IF(B24="incomplete",2,IF(B24="no",0,IF(B24="N/A","",""))))
A25: Collections) is prepared in duplicate each time cash is
A26: removed from fund controlled vending/amusement machines
A27: Note: May use ARMP data collection/ verification
A28: b. At least two persons are involved each time cash is | C28: 6 | D28: =IF(B28="yes",6,IF(B28="incomplete",3,IF(B28="no",0,IF(B28="N/A","",""))))
A29: removed from fund controlled vending/amusement machines
A30: and their signatures are annotated on DA Form 4083-R
A31: c. Original DA Form 4083-R is turned in with the cash and | C31: 2 | D31: =IF(B31="yes",2,IF(B31="incomplete",1,IF(B31="no",0,IF(B31="N/A","",""))))
A32: sent forward with the DAR
A33: d. Cash collections are made at least once a week unless | C33: 2 | D33: =IF(B33="yes",2,IF(B33="incomplete",1,IF(B33="no",0,IF(B33="N/A","",""))))
A34: sales are anticipated to be less than $50 per machine
A35: e. Customers are reimbursed from the petty cash fund for | C35: 2 | D35: =IF(B35="yes",2,IF(B35="incomplete",1,IF(B35="no",0,IF(B35="N/A","",""))))
A36: losses due to inoperable machines
A38: 3. Sales Accountability
A39: ICM Chapter 20, AR 215-1 Section II 8-5
A40: a. Meters or inventory method is used to determine sales | C40: 6 | D40: =IF(B40="yes",6,IF(B40="incomplete",3,IF(B40="no",0,IF(B40="N/A","",""))))
A41: accountability
A42: b. Variances are investigated and documented | C42: 4 | D42: =IF(B42="yes",4,IF(B42="incomplete",2,IF(B42="no",0,IF(B42="N/A","",""))))
A45: SubTotal of Possible Points | C45: =SUM(C15:C42) -> 42
A46: Total value of questions marked "N/A" | C46: =SUMIF(B15:C42,"N/A",C15:C42) -> 0
A48: =CONCATENATE("Total for"," ",A8) -> Total for VENDING AND AMUSEMENT MACHINES | C48: =+C45-C46 -> 42 | D48: =SUM(D15:D42) -> 0
A50: NOTES:

Sheet Bowling Centers
A1: INTERNAL CONTROL REVIEW
A2: Scoring: "Yes" = Full Points, "Incomplete" = 1/2 Points, "No"=0, N/A = Blank
A4: INSTALLATION
A5: ACTIVITY
A6: DATE
A8: Bowling Centers | E8: PAGE 1 OF 1
A9: References:
A10: AR215-1, 8-13
B11: Rating Dropdown | C11: Points Possible | D11: Score: | E11: Notes:
A12: 1. Are cash receipts reconciled with the sealed mechanical | C12: 4 | D12: =IF(B12="yes",4,IF(B12="incomplete",2,IF(B12="no",0,IF(B12="N/A","",""))))
A13: meters on the machines minus the frames used as mechanical
A14: testing, practice or walkouts
A16: 2. Is a log kept for mechanical failure/texting kept by the front | C16: 4 | D16: =IF(B16="yes",4,IF(B16="incomplete",2,IF(B16="no",0,IF(B16="N/A","",""))))
A17: counter and the mechanics, and are they reconciled
A19: 3. If practice frames are bowled using the pins, is there a log | C19: 4 | D19: =IF(B19="yes",4,IF(B19="incomplete",2,IF(B19="no",0,IF(B19="N/A","",""))))
A20: kept to reflect such frames in the reconciliation
A22: 4. If locker rental is available, is there an effective follow-up | C22: 4 | D22: =IF(B22="yes",4,IF(B22="incomplete",2,IF(B22="no",0,IF(B22="N/A","",""))))
A23: procedures to insure rental income does not become overdue
A25: 5. Are rental shoes returned and sanitized after each use | C25: 4 | D25: =IF(B25="yes",4,IF(B25="incomplete",2,IF(B25="no",0,IF(B25="N/A","",""))))
A27: 6. Is there a procedure in place to accurately set retail prices | C27: 4 | D27: =IF(B27="yes",4,IF(B27="incomplete",2,IF(B27="no",0,IF(B27="N/A","",""))))
A28: for pro-shop merchandise to attain the desired cost of goods
A30: 7. Are discount coupons, re-pin and other free games recorded | C30: 4 | D30: =IF(B30="yes",4,IF(B30="incomplete",2,IF(B30="no",0,IF(B30="N/A","",""))))
A31: in the RecTrac system
A33: 8. Are Sponsored tournaments and prize disbursements properly | C33: 4 | D33: =IF(B33="yes",4,IF(B33="incomplete",2,IF(B33="no",0,IF(B33="N/A","",""))))
A34: recorded and reported in RecTrac/DAR
A36: 9. Is equipment and bowling pin maintenance being performed | C36: 4 | D36: =IF(B36="yes",4,IF(B36="incomplete",2,IF(B36="no",0,IF(B36="N/A","",""))))
A37: and documented
A39: SubTotal of Possible Points | C39: =SUM(C12:C38) -> 36
A40: Total value of questions marked "N/A" | C40: =SUMIF(B12:C38,"N/A",C12:C38) -> 0
A42: =CONCATENATE("Total for"," ",A8) -> Total for Bowling Centers | C42: =+C39-C40 -> 36 | D42: =SUM(D12:D41) -> 0
A44: NOTES:

Sheet Arms Room
A1: MWR ARMS ROOM INTERNAL CONTROL REVIEW
A2: Scoring: "Yes" = Full Points, "Incomplete" = 1/2 Points, "No"=0, N/A = Blank
A4: INSTALLATION
A5: ACTIVITY
A6: DATE
E8: PAGE 1 OF 1
B9: Rating Dropdown | C9: Points Possible | D9: Score: | E9: Notes:
A11: 1. General
A12: a. Is access (weapons/ammo/arms room) limited to the least amount of | C12: 10 | D12: =IF(B12="yes",10,IF(B12="incomplete",5,IF(B12="no",0,IF(B12="N/A","",""))))
A13: individuals necessary?
A14: b. Is a current arms room access roster posted | C14: 10 | D14: =IF(B14="yes",10,IF(B14="incomplete",5,IF(B14="no",0,IF(B14="N/A","",""))))
A15: c. Is a current DA 4604 available in facility? (Not older than 5 years) | C15: 10 | D15: =IF(B15="yes",10,IF(B15="incomplete",5,IF(B15="no",0,IF(B15="N/A","",""))))
A16: d. Is a physical security inspection sheet available? (not older than 18 | C16: 10 | D16: =IF(B16="yes",10,IF(B16="incomplete",5,IF(B16="no",0,IF(B16="N/A","",""))))
A17: months) DA 2806-1
A18: e. Has physical security inspection been passed (AR 190-11 and AER | C18: 10 | D18: =IF(B18="yes",10,IF(B18="incomplete",5,IF(B18="no",0,IF(B18="N/A","",""))))
A19: 190-13) to include fire checks?
A20: f. Is IDS operational and tested/inspected? | C20: 10 | D20: =IF(B20="yes",10,IF(B20="incomplete",5,IF(B20="no",0,IF(B20="N/A","",""))))
A21: g. Has room been approved to store ammunition? | C21: 10 | D21: =IF(B21="yes",10,IF(B21="incomplete",5,IF(B21="no",0,IF(B21="N/A","",""))))
A22: h. Has limit been set on amount of ammo to be stored? | C22: 10 | D22: =IF(B22="yes",10,IF(B22="incomplete",5,IF(B22="no",0,IF(B22="N/A","",""))))
A23: i. Is Safe Access Form SF 702 used and filled out properly? | C23: 10 | D23: =IF(B23="yes",10,IF(B23="incomplete",5,IF(B23="no",0,IF(B23="N/A","",""))))
A24: j. Are opening hours and phone numbers displayed for customers to see? | C24: 10 | D24: =IF(B24="yes",10,IF(B24="incomplete",5,IF(B24="no",0,IF(B24="N/A","",""))))
A25: k. Have authorized personnel been issued the MWR weapon transport | C25: 10 | D25: =IF(B25="yes",10,IF(B25="incomplete",5,IF(B25="no",0,IF(B25="N/A","",""))))
A26: letter?
A27: l. Is emergency POC information posted? | C27: 10 | D27: =IF(B27="yes",10,IF(B27="incomplete",5,IF(B27="no",0,IF(B27="N/A","",""))))
A28: m. Is current AER 190-6 on hand? | C28: 10 | D28: =IF(B28="yes",10,IF(B28="incomplete",5,IF(B28="no",0,IF(B28="N/A","",""))))
A29: n. Is US Forces Sport Shooting Manual on hand? | C29: 10 | D29: =IF(B29="yes",10,IF(B29="incomplete",5,IF(B29="no",0,IF(B29="N/A","",""))))
A30: o. Is AER 215-145 on hand? | C30: 10 | D30: =IF(B30="yes",10,IF(B30="incomplete",5,IF(B30="no",0,IF(B30="N/A","",""))))
A31: p. Are the current weapons law & hunting license renewal handouts on | C31: 10 | D31: =IF(B31="yes",10,IF(B31="incomplete",5,IF(B31="no",0,IF(B31="N/A","",""))))
A32: hand?
A33: q. Are weapons/ammo handlers certified according to German Weapons | C33: 10 | D33: =IF(B33="yes",10,IF(B33="incomplete",5,IF(B33="no",0,IF(B33="N/A","",""))))
A34: law?
A35: r. Are range officers HFSS and if using ATC ranges also ATC certified? | C35: 10 | D35: =IF(B35="yes",10,IF(B35="incomplete",5,IF(B35="no",0,IF(B35="N/A","",""))))
A36: s. Are MWR range damage reports being utilized daily (on range | C36: 10 | D36: =IF(B36="yes",10,IF(B36="incomplete",5,IF(B36="no",0,IF(B36="N/A","",""))))
A37: op days)? (For only MWR owned Ranges)
A38: t. Are all hand-written docs/notes legible? | C38: 10 | D38: =IF(B38="yes",10,IF(B38="incomplete",5,IF(B38="no",0,IF(B38="N/A","",""))))
A39: u. Are HFSS and Schuetzenmeister stamps accounted for? | C39: 10 | D39: =IF(B39="yes",10,IF(B39="incomplete",5,IF(B39="no",0,IF(B39="N/A","",""))))
A40: v. Is HFSS using MWR owned firearms for courses? (liability issue). | C40: 10 | D40: =IF(B40="yes",10,IF(B40="incomplete",5,IF(B40="no",0,IF(B40="N/A","",""))))
A41: w. Are valid DA Forms 7708 available for Personnel (Reliability & | C41: 10 | D41: =IF(B41="yes",10,IF(B41="incomplete",5,IF(B41="no",0,IF(B41="N/A","",""))))
A42: Screening)?
A44: 2. MWR Weapons
A45: a. Is a proper firearms register being used for all weapons? | C45: 10 | D45: =IF(B45="yes",10,IF(B45="incomplete",5,IF(B45="no",0,IF(B45="N/A","",""))))
A46: b. Are all MWR firearms and significant parts (separate parts, | C46: 10 | D46: =IF(B46="yes",10,IF(B46="incomplete",5,IF(B46="no",0,IF(B46="N/A","",""))))
A47: not part of a gun) registered to the custodian?
A48: c. Are registration docs/cards attached to all firearms and significant | C48: 10 | D48: =IF(B48="yes",10,IF(B48="incomplete",5,IF(B48="no",0,IF(B48="N/A","",""))))
A49: parts? (or inside the gun case)
A50: d. Has the monthly Registry reconciliation been completed? (USAREUR | C50: 10 | D50: =IF(B50="yes",10,IF(B50="incomplete",5,IF(B50="no",0,IF(B50="N/A","",""))))
A51: Registry list)
A52: e. Have all non-functional firearms been properly disposed of? | C52: 10 | D52: =IF(B52="yes",10,IF(B52="incomplete",5,IF(B52="no",0,IF(B52="N/A","",""))))
A53: f. Are all firearms non-accessible to customers? | C53: 10 | D53: =IF(B53="yes",10,IF(B53="incomplete",5,IF(B53="no",0,IF(B53="N/A","",""))))
A54: g. Are MWR weapons kept separate from POFs? | C54: 10 | D54: =IF(B54="yes",10,IF(B54="incomplete",5,IF(B54="no",0,IF(B54="N/A","",""))))
A55: h. Is ammunition stored properly and away/separated from weapons for | C55: 10 | D55: =IF(B55="yes",10,IF(B55="incomplete",5,IF(B55="no",0,IF(B55="N/A","",""))))
A56: safety reasons?
A57: i. Are all firearms unloaded? (dummy rounds should be prohibited to | C57: 10 | D57: =IF(B57="yes",10,IF(B57="incomplete",5,IF(B57="no",0,IF(B57="N/A","",""))))
A58: avoid confusion)
E59: PAGE 2 OF 2
A61: j. Are all required items reported to the PBO? | C61: 10 | D61: =IF(B61="yes",10,IF(B61="incomplete",5,IF(B61="no",0,IF(B61="N/A","",""))))
A62: k. Have MWR/PBO/disinterested inventories been conducted? | C62: 10 | D62: =IF(B62="yes",10,IF(B62="incomplete",5,IF(B62="no",0,IF(B62="N/A","",""))))
A63: l. Are proper sales receipts used and stored properly? | C63: 10 | D63: =IF(B63="yes",10,IF(B63="incomplete",5,IF(B63="no",0,IF(B63="N/A","",""))))
A64: m. Do all MWR weapons bear proof-marks (training and resale)? | C64: 10 | D64: =IF(B64="yes",10,IF(B64="incomplete",5,IF(B64="no",0,IF(B64="N/A","",""))))
A65: n. Are re-sale weapons only handed over to authorized or licensed | C65: 10 | D65: =IF(B65="yes",10,IF(B65="incomplete",5,IF(B65="no",0,IF(B65="N/A","",""))))
A66: personnel?
A68: 3. POFs
A69: a. Are storage agreements current and in place for all POFs? | C69: 10 | D69: =IF(B69="yes",10,IF(B69="incomplete",5,IF(B69="no",0,IF(B69="N/A","",""))))
A70: b. Are all POFs properly recorded in a register? | C70: 10 | D70: =IF(B70="yes",10,IF(B70="incomplete",5,IF(B70="no",0,IF(B70="N/A","",""))))
A71: c. Are registration docs/cards attached to all POFs? | C71: 10 | D71: =IF(B71="yes",10,IF(B71="incomplete",5,IF(B71="no",0,IF(B71="N/A","",""))))
A72: d. Are all POF and significant parts registered with BVA in owner's name | C72: 10 | D72: =IF(B72="yes",10,IF(B72="incomplete",5,IF(B72="no",0,IF(B72="N/A","",""))))
A73: and copy of WBK attached to all POF?
A74: e. Weapons/significant parts not registered with BVA in the owner's | C74: 10 | D74: =IF(B74="yes",10,IF(B74="incomplete",5,IF(B74="no",0,IF(B74="N/A","",""))))
A75: name is time limit observed (AER 190-6 Sec. 15.f.(2)?
A76: f. Have monthly POF inventories been conducted? | C76: 10 | D76: =IF(B76="yes",10,IF(B76="incomplete",5,IF(B76="no",0,IF(B76="N/A","",""))))
A77: g. Is personally owed ammunition stored properly and away from
A78: weapons?
A79: h. Are all firearms unloaded? (dummy rounds should be prohibited to | C79: 10 | D79: =IF(B79="yes",10,IF(B79="incomplete",5,IF(B79="no",0,IF(B79="N/A","",""))))
A80: avoid confusion)
A81: i. Have abandoned weapons been processed for disposition (AER | C81: 10 | D81: =IF(B81="yes",10,IF(B81="incomplete",5,IF(B81="no",0,IF(B81="N/A","",""))))
A82: 190-6, Sec 22.c.)?
A83: j. Do all POF bear proof-marks? | C83: 10 | D83: =IF(B83="yes",10,IF(B83="incomplete",5,IF(B83="no",0,IF(B83="N/A","",""))))
A85: SubTotal of Possible Points | C85: =SUM(C12:C84) -> 460
A86: Total value of questions marked "N/A" | C86: =SUMIF(B12:C83,"N/A",C12:C83) -> 0
A88: TOTAL FOR MWR ARMS ROOM INTERNAL CONTROL REVIEW | C88: =+C85-C86 -> 460 | D88: =SUM(D12:D83) -> 0
A90: NOTES:

Sheet Arms Comments
A2: Comments to be printed for reference by Internal Controls inspection personnel:
A4: p. Are weapons/ammo handlers certified according to German Weapons Law?
A5: Must at a minimum have taken and passed the Sport Shooter Knowledge or the Hunting Course - proof must be on file for each person with access
A7: q. Are range officers HFSS and if using ATC ranges also ATC certified?
A8: HFSS Range Master Course. If using JMTC/ATC ranges - must also have taken the JMTC/ATC RSO course
A10: u. Is HFSS using MWR owned firearms for courses? (liability issue).
A11: For liability reasons HFSS courses should only be conducted with MWR owned firearms. If during our training with a student a POF malfunctions we have a problem.
A13: a. Is a proper firearms register being used for all weapons?
A14: Firearms and significant parts coming and and going out must be recorded. Required basic data elements: Make, Model, Caliber, Serial Number, Date in/out, where the firearm came from, where the firearm is going to, justification for firearm leaving (proper license, etc)
A16: b. Are all MWR firearms and significant parts (separate parts, not part of a gun) registered to the custodian?
A17: Significant Hand Gun Parts: frame, barrel, slide Significant Long Gun Parts: upper receiver, lower receiver, barrel, chamber, Bolt.
A19: k. Have MWR/PBO/disinterested inventories been conducted?
... A23: When a firearm is sold, it may only be handed over when: 1: Long Gun: a: Hunter, valid hunting license any long gun legal for hunting b: Sport Shooter: WBK with entry for firearm 2. Hand Gun: a. Hunter: only with valid entry in WBK b. Sport Shooter: only with valid entry in WBK

Sheet GOVCC
A1: INTERNAL CONTROL REVIEW
A2: Scoring: "Yes" = Full Points, "Incomplete" = 1/2 Points, "No"=0, N/A = Blank
A4: INSTALLATION
A5: ACTIVITY
A6: DATE
A8: GOVERNMENT PURCHASE CARDS | E8: PAGE 1 OF 2
A9: References:
A10: DA Government Purchase Card Operating Procedures
A11: DoD 7000.14-R Volume 10, Chapter 23
A12: DoD Charge Card Management Plan
B13: Rating Dropdown | C13: Points Possible | D13: Score: | E13: Notes:
A14: 1. Appointment Letter
A15: DA GPC Operating Procedures 1-7
A16: a. Does the Billing Official (BO) Have a letter of Appointment | C16: 10 | D16: =IF(B16="yes",10,IF(B16="incomplete",5,IF(B16="no",0,IF(B16="N/A","",""))))
A17: b. Does the Card Holder Have a letter of Appointment | C17: 10 | D17: =IF(B17="yes",10,IF(B17="incomplete",5,IF(B17="no",0,IF(B17="N/A","",""))))
A19: 2. GPC Training
A20: DA GPC Operating Procedures 1-7
A21: a. Has the BO Received GPC Training | C21: 10 | D21: =IF(B21="yes",10,IF(B21="incomplete",5,IF(B21="no",0,IF(B21="N/A","",""))))
A22: b. Has the Card Holder received GPC training | C22: 10 | D22: =IF(B22="yes",10,IF(B22="incomplete",5,IF(B22="no",0,IF(B22="N/A","",""))))
A23: ($10K or $25K Special training where applicable)
A25: 3. Ethics Training
A26: DA GPC Operating Procedures 1-7
A27: a. Has the BO Received Ethics Training | C27: 10 | D27: =IF(B27="yes",10,IF(B27="incomplete",5,IF(B27="no",0,IF(B27="N/A","",""))))
A28: b. Has the Card Holder received Ethics training. | C28: 10 | D28: =IF(B28="yes",10,IF(B28="incomplete",5,IF(B28="no",0,IF(B28="N/A","",""))))
A30: 4. Review of US Bank Statements
A31: DA GPC Operating Procedures 1-7
A32: a. Does BO review each month | C32: 10 | D32: =IF(B32="yes",10,IF(B32="incomplete",5,IF(B32="no",0,IF(B32="N/A","",""))))
A33: b. Does the BO Certify and process billing statements within 5 days | C33: 10 | D33: =IF(B33="yes",10,IF(B33="incomplete",5,IF(B33="no",0,IF(B33="N/A","",""))))
A34: of Receipt
A36: 5. Supporting Documents
A37: DA GPC Operating Procedures 1-7
A38: a. Does the BO maintain all supporting Documents | C38: 8 | D38: =IF(B38="yes",8,IF(B38="incomplete",4,IF(B38="no",0,IF(B38="N/A","",""))))
A39: b. Does BO coordinate with the Property Book Office to verify that | C39: 8 | D39: =IF(B39="yes",8,IF(B39="incomplete",4,IF(B39="no",0,IF(B39="N/A","",""))))
A40: accountable property is documented
A41: c. Are 889 requirements met except when items are purchased from | C41: 8 | D41: =IF(B41="yes",8,IF(B41="incomplete",4,IF(B41="no",0,IF(B41="N/A","",""))))
A42: a government Agency?
A44: 6. Purchases
A45: DA GPC Operating Procedures 1-7
A46: a. Were any Unauthorized purchases made by Cardholder | C46: 10 | D46: =IF(B46="yes",10,IF(B46="incomplete",5,IF(B46="no",0,IF(B46="N/A","",""))))
A47: b. Was a GPC purchase request used for each purchase | C47: 10 | D47: =IF(B47="yes",10,IF(B47="incomplete",5,IF(B47="no",0,IF(B47="N/A","",""))))
A48: c. Was more than one cost estimate received for purchases over | C48: 8 | D48: =IF(B48="yes",8,IF(B48="incomplete",4,IF(B48="no",0,IF(B48="N/A","",""))))
A49: 10000
A51: 7. Card Control
A52: DA GPC Operating Procedures 1-7
A53: a. Does cardholder safeguard purchase card | C53: 10 | D53: =IF(B53="yes",10,IF(B53="incomplete",5,IF(B53="no",0,IF(B53="N/A","",""))))
A55: 8. Transaction reconcilliation | E55: PAGE 2 OF 2
A56: DA GPC Operating Procedures 1-7
A57: a. Does the Cardholder reconcile all transactions and approve the | C57: 10 | D57: =IF(B57="yes",10,IF(B57="incomplete",5,IF(B57="no",0,IF(B57="N/A","",""))))
A58: billing statement within three business days of its receipt
A59: b. Receipt of purchase is documented by some one other than | C59: 8 | D59: =IF(B59="yes",8,IF(B59="incomplete",4,IF(B59="no",0,IF(B59="N/A","",""))))
A60: the cardholder
A62: SubTotal of Possible Points | C62: =SUM(C16:C59) -> 160
A63: Total value of questions marked "N/A" | C63: =SUMIF(B16:C59,"N/A",C16:C59) -> 0
A65: =CONCATENATE("Total for"," ",A8) -> Total for GOVERNMENT PURCHASE CARDS | C65: =+C62-C63 -> 160 | D65: =SUM(D16:D64) -> 0
A67: NOTES:

Sheet Time & Attendance
A1: INTERNAL CONTROL REVIEW
A2: Scoring: "Yes" = Full Points, "Incomplete" = 1/2 Points, "No"=0, N/A = Blank
A4: INSTALLATION
A5: ACTIVITY
A6: DATE
A8: TIME AND ATTENDANCE | E8: PAGE 1 OF 1
A9: References:
A10: DoD 7000.14-R Volume 8, Chapter 2
A11: IMCOM Regulation 690-610
A12: AR 215-3
B13: Rating Dropdown | C13: Points Possible | D13: Score: | E13: Notes:
A14: 1. Employee Time Cards
A15: DoD 7000.14-R Volume 8, Chapter 2
A16: a. Are all overtime and compensatory time earned approved and are | C16: 8 | D16: =IF(B16="yes",8,IF(B16="incomplete",4,IF(B16="no",0,IF(B16="N/A","",""))))
A17: total hours earned verified before certification
A18: b. Do all employees have an existing schedule two weeks in advance? | C18: 10 | D18: =IF(B18="yes",10,IF(B18="incomplete",5,IF(B18="no",0,IF(B18="N/A","",""))))
A20: c. Should Supervisors be required to submit timesheet on behalf of | C20: 10 | D20: =IF(B20="yes",10,IF(B20="incomplete",5,IF(B20="no",0,IF(B20="N/A","",""))))
A21: employees, are the timesheets printed on a Form 4850 (Timesheet
A22: Approval Form) and signed by the employees
A23: d. Forms 4850 are being maintained at the location level by the | C23: 10 | D23: =IF(B23="yes",10,IF(B23="incomplete",5,IF(B23="no",0,IF(B23="N/A","",""))))
A24: Manager/Supervisor
A27: 2. Time Card Backup
A28: DoD 7000.14-R Volume 8, Chapter 2
A29: a. Are the time and attendance files properly maintained | C29: 8 | D29: =IF(B29="yes",8,IF(B29="incomplete",4,IF(B29="no",0,IF(B29="N/A","",""))))
A30: (OPM 71, 4850 Timesheet Correction, Timesheet Approval Reports,
A31: Overtime/Comptime approvals)
A32: b. Does the timekeeper monitor and correct, as required, employees' | C32: 8 | D32: =IF(B32="yes",8,IF(B32="incomplete",4,IF(B32="no",0,IF(B32="N/A","",""))))
A33: time and attendance data by the end of the each PPE and before
A34: certification
A35: c. Is all required supporting documentation available for audits | C35: 10 | D35: =IF(B35="yes",10,IF(B35="incomplete",5,IF(B35="no",0,IF(B35="N/A","",""))))
A37: 3. PII
A38: DoD 7000.14-R Volume 8, Chapter 2
A39: a. Has PII been properly safeguarded | C39: 10 | D39: =IF(B39="yes",10,IF(B39="incomplete",5,IF(B39="no",0,IF(B39="N/A","",""))))
A42: SubTotal of Possible Points | C42: =SUM(C16:C40) -> 74
A43: Total value of questions marked "N/A" | C43: =SUMIF(B16:C40,"N/A",C16:C40) -> 0
A45: =CONCATENATE("Total for"," ",A8) -> Total for TIME AND ATTENDANCE | C45: =+C42-C43 -> 74 | D45: =SUM(D16:D44) -> 0
A49: NOTES:

Sheet VAT
A1: INTERNAL CONTROL REVIEW
A2: Scoring: "Yes" = Full Points, "Incomplete" = 1/2 Points, "No"=0, N/A = Blank
A4: INSTALLATION
A5: ACTIVITY
A6: DATE
A8: VAT | E8: PAGE 1 OF 2
A9: References:
A10: ICM Chapter 5 & 11
A11: AE 215-6 VAT Regulaton
B12: Rating Dropdown | C12: Points Possible | D12: Score: | E12: Notes:
A14: 1. General VAT Administration
A15: AE 215-6 Section I.8, Section II.15, Section III.53, Section III.60
A16: a. Is a copy/print-out of the AER 215-6 available for reference | C16: 6 | D16: =IF(B16="yes",6,IF(B16="incomplete",3,IF(B16="no",0,IF(B16="N/A","",""))))
A17: within the office? (electronic or paper)
A18: b. Are handouts for Customers (English) and for Vendors | C18: 10 | D18: =IF(B18="yes",10,IF(B18="incomplete",5,IF(B18="no",0,IF(B18="N/A","",""))))
A19: (Englisch & German) readily available for all customers?
A20: c. Have all other handouts or flyers (unapproved) with VAT | C20: 10 | D20: =IF(B20="yes",10,IF(B20="incomplete",5,IF(B20="no",0,IF(B20="N/A","",""))))
A21: information been removed form the facility?
A22: d. Are prices for all VAT services displayed for customers to see | C22: 6 | D22: =IF(B22="yes",6,IF(B22="incomplete",3,IF(B22="no",0,IF(B22="N/A","",""))))
A23: (signs)?
A24: e. Are opening hours and phone numbers displayed for | C24: 6 | D24: =IF(B24="yes",6,IF(B24="incomplete",3,IF(B24="no",0,IF(B24="N/A","",""))))
A25: customers to see?
A26: f. Have personnel using VAT computers attended VAT training? | C26: 10 | D26: =IF(B26="yes",10,IF(B26="incomplete",5,IF(B26="no",0,IF(B26="N/A","",""))))
A27: g. Are employees familiar with the assignment letter procedures? | C27: 10 | D27: =IF(B27="yes",10,IF(B27="incomplete",5,IF(B27="no",0,IF(B27="N/A","",""))))
A28: h. Are employees familiar with warning letter procedures? | C28: 10 | D28: =IF(B28="yes",10,IF(B28="incomplete",5,IF(B28="no",0,IF(B28="N/A","",""))))
A29: i. Are employees trained to look out for irregularities (e.g | C29: 10 | D29: =IF(B29="yes",10,IF(B29="incomplete",5,IF(B29="no",0,IF(B29="N/A","",""))))
A30: multiple VAT foms from same vendor)?
A31: j. Do employees know how and where to report irregularities? | C31: 6 | D31: =IF(B31="yes",6,IF(B31="incomplete",3,IF(B31="no",0,IF(B31="N/A","",""))))
A33: 2. Records and Personally Identifiable Information
A34: ICM Chapter 5, AE 215-6 Section I.8, Section III.53
A35: a. Are non-electronic records containing personally identifiable | C35: 10 | D35: =IF(B35="yes",10,IF(B35="incomplete",5,IF(B35="no",0,IF(B35="N/A","",""))))
A36: information properly secured?
A37: b. Is the new AE Form 215-6A (Jul 07) being used for all new | C37: 10 | D37: =IF(B37="yes",10,IF(B37="incomplete",5,IF(B37="no",0,IF(B37="N/A","",""))))
A38: registrations and/or purchases of 2500 Euros or more?
A39: c. Are tax relief registration forms (AE Form 215-6A) filed in | C39: 10 | D39: =IF(B39="yes",10,IF(B39="incomplete",5,IF(B39="no",0,IF(B39="N/A","",""))))
A40: manner to permit reasonable look-up by customer?
A41: d. Are AE Forms 215-6B (white or pink) being properly filed by | C41: 10 | D41: =IF(B41="yes",10,IF(B41="incomplete",5,IF(B41="no",0,IF(B41="N/A","",""))))
A42: form number and stored for at least 5 years?
A43: e. Is the apponitment letter for the office manager from the | C43: 6 | D43: =IF(B43="yes",6,IF(B43="incomplete",3,IF(B43="no",0,IF(B43="N/A","",""))))
A44: DFMWR on file?
A46: 3. Transaction Approvals
A47: AE 215-6 Section I.8, Section III.53
A48: a. Are all purchase requests by customers for repair/renovation of | C48: 10 | D48: =IF(B48="yes",10,IF(B48="incomplete",5,IF(B48="no",0,IF(B48="N/A","",""))))
A49: real estate, houses, apartments etc of 2500 Euros or more
A50: routed to IMCOM-E, MWRD for approval?
A51: b. Are all purchase requests by customers of 2500 Euros or more | C51: 10 | D51: =IF(B51="yes",10,IF(B51="incomplete",5,IF(B51="no",0,IF(B51="N/A","",""))))
A52: only processed based on proper cost estimates?
A54: GENERAL ADMINISTRATION: | E54: PAGE 2 OF 2
A55: 4. IT Related IC Measures
A56: ICM Chapter 5, AE 215-6 Section III.58
A57: a. Does each user have his/her own individual user account (log-in)? | C57: 10 | D57: =IF(B57="yes",10,IF(B57="incomplete",5,IF(B57="no",0,IF(B57="N/A","",""))))
A58: b. Has each computer user taken and passed the Computer | C58: 6 | D58: =IF(B58="yes",6,IF(B58="incomplete",3,IF(B58="no",0,IF(B58="N/A","",""))))
A59: User Test?
A60: c. Is room with computer hardware secure during non-work hours? | C60: 10 | D60: =IF(B60="yes",10,IF(B60="incomplete",5,IF(B60="no",0,IF(B60="N/A","",""))))
A61: d. Is unauthorized access to computers restricted? (we have to | C61: 10 | D61: =IF(B61="yes",10,IF(B61="incomplete",5,IF(B61="no",0,IF(B61="N/A","",""))))
A62: prevent the database from being copied onto a CD or a memory
A63: stick and taken outside the facility - the database contains
A64: sensitive personally indentifiable information)
A65: e. Is System Administrator notified when users leave to disable | C65: 6 | D65: =IF(B65="yes",6,IF(B65="incomplete",3,IF(B65="no",0,IF(B65="N/A","",""))))
A66: the user accounts?
A67: f. Are the VAT computers out of reach of customers or another | C67: 10 | D67: =IF(B67="yes",10,IF(B67="incomplete",5,IF(B67="no",0,IF(B67="N/A","",""))))
A68: reasonable location in case clerks have to leave the station for
A69: short periods of time?
A70: g. Are Monitors not in view of customers? (i.e. customers can not | C70: 10 | D70: =IF(B70="yes",10,IF(B70="incomplete",5,IF(B70="no",0,IF(B70="N/A","",""))))
A71: see information on screen)
A73: 5. Inventories
A74: ICM Chapter 5 & 11, AE 215-6 Section I.8
A75: a. Is blank VAT form stock secured? | C75: 10 | D75: =IF(B75="yes",10,IF(B75="incomplete",5,IF(B75="no",0,IF(B75="N/A","",""))))
A76: b. Are stamps/seals secured? | C76: 10 | D76: =IF(B76="yes",10,IF(B76="incomplete",5,IF(B76="no",0,IF(B76="N/A","",""))))
A77: c. Sensitive item inventories are in place and current | C77: 10 | D77: =IF(B77="yes",10,IF(B77="incomplete",5,IF(B77="no",0,IF(B77="N/A","",""))))
A78: d. Surprise inventories are completed by management at least | C78: 4 | D78: =IF(B78="yes",4,IF(B78="incomplete",2,IF(B78="no",0,IF(B78="N/A","",""))))
A79: monthly
A80: e. Is blank check stock secured at all times? | C80: 4 | D80: =IF(B80="yes",4,IF(B80="incomplete",2,IF(B80="no",0,IF(B80="N/A","",""))))
A81: f. Is blank check stock inventoried daily? | C81: 4 | D81: =IF(B81="yes",4,IF(B81="incomplete",2,IF(B81="no",0,IF(B81="N/A","",""))))
A82: g. Are ordered checks inventoried/reconciled? | C82: 10 | D82: =IF(B82="yes",10,IF(B82="incomplete",5,IF(B82="no",0,IF(B82="N/A","",""))))
A84: SubTotal of Possible Points | C84: =SUM(C16:C82) -> 264
A85: Total value of questions marked "N/A" | C85: =SUMIF(B16:C82,"N/A",C16:C82) -> 0
A87: =CONCATENATE("Total for"," ",A8) -> Total for VAT | C87: =+C84-C85 -> 264 | D87: =SUM(D16:D85) -> 0
A89: NOTES:

Sheet UTAP
A1: INTERNAL CONTROL REVIEW
A2: Scoring: "Yes" = Full Points, "Incomplete" = 1/2 Points, "No"=0, N/A = Blank
A4: INSTALLATION
A5: ACTIVITY
A6: DATE
A8: UTAP Program: | E8: PAGE 1 OF 1
A9: References:
A10: ICM Chapter 5
A11: AE 215-6 VAT Regulaton
B12: Rating Dropdown | C12: Points Possible | D12: Score: | E12: Notes:
A14: 1. Procedures
A15: AE 215-6 Section I.8, Section II.40
A16: a. Has customer database been established? | C16: 10 | D16: =IF(B16="yes",10,IF(B16="incomplete",5,IF(B16="no",0,IF(B16="N/A","",""))))
A17: b. Are sign-up forms available? | C17: 10 | D17: =IF(B17="yes",10,IF(B17="incomplete",5,IF(B17="no",0,IF(B17="N/A","",""))))
A18: c. Is UTAP office signing customers up with energy supplier? | C18: 10 | D18: =IF(B18="yes",10,IF(B18="incomplete",5,IF(B18="no",0,IF(B18="N/A","",""))))
A19: d. Are customer handouts available? | C19: 10 | D19: =IF(B19="yes",10,IF(B19="incomplete",5,IF(B19="no",0,IF(B19="N/A","",""))))
A20: e. Contracted utility compnanies 1-3* | C20: 6 | D20: =IF(B20="yes",6,IF(B20="incomplete",3,IF(B20="no",0,IF(B20="N/A","",""))))
A21: f. Contracted utility companies 4-6* | C21: 6 | D21: =IF(B21="yes",6,IF(B21="incomplete",3,IF(B21="no",0,IF(B21="N/A","",""))))
A22: g. Contracted utility companies 7 or more* | C22: 6 | D22: =IF(B22="yes",6,IF(B22="incomplete",3,IF(B22="no",0,IF(B22="N/A","",""))))
A23: h. Are unpaid bills monitored effectively? | C23: 10 | D23: =IF(B23="yes",10,IF(B23="incomplete",5,IF(B23="no",0,IF(B23="N/A","",""))))
A24: i. Have all customers been converted to direct debit? | C24: 10 | D24: =IF(B24="yes",10,IF(B24="incomplete",5,IF(B24="no",0,IF(B24="N/A","",""))))
A25: j. Are bad debts for active duty sent to FMD for collection? | C25: 10 | D25: =IF(B25="yes",10,IF(B25="incomplete",5,IF(B25="no",0,IF(B25="N/A","",""))))
A26: k. Are bad debts for civilians sent to FMD for collection? | C26: 10 | D26: =IF(B26="yes",10,IF(B26="incomplete",5,IF(B26="no",0,IF(B26="N/A","",""))))
A28: 2. PII
A29: ICM Chapter 5, AE 215-6 Section I.8, Section II.40
A30: a. Is customer data (paper form) secured properly? | C30: 10 | D30: =IF(B30="yes",10,IF(B30="incomplete",5,IF(B30="no",0,IF(B30="N/A","",""))))
A31: b. Is customer data (electronic form) secured properly? | C31: 10 | D31: =IF(B31="yes",10,IF(B31="incomplete",5,IF(B31="no",0,IF(B31="N/A","",""))))
A32: c. Is data transfer to utility supplier secure? | C32: 10 | D32: =IF(B32="yes",10,IF(B32="incomplete",5,IF(B32="no",0,IF(B32="N/A","",""))))
A35: SubTotal of Possible Points | C35: =SUM(C16:C32) -> 128
A36: Total value of questions marked "N/A" | C36: =SUMIF(B16:C32,"N/A",C16:C32) -> 0
A38: =CONCATENATE("Total for"," ",A8) -> Total for UTAP Program: | C38: =+C35-C36 -> 128 | D38: =SUM(D16:D37) -> 0
A40: NOTES:

Sheet Vehicles
A1: INTERNAL CONTROL REVIEW
A2: Scoring: "Yes" = Full Points, "Incomplete" = 1/2 Points, "No"=0, N/A = Blank
A4: INSTALLATION
A5: ACTIVITY
A6: DATE
A8: Auto Crafts | E8: PAGE 1 OF 1
A9: References:
A10: AR 215-1 Chapter 13 & 19
B12: Rating Dropdown | C12: Points Possible | D12: Score: | E12: Notes:
A13: NAF Vehicle Processing
A15: 1. Is there an SOP in place for NAF Vehicle processes | C15: 8 | D15: =IF(B15="yes",8,IF(B15="incomplete",4,IF(B15="no",0,IF(B15="N/A","",""))))
A17: 2. Are all NAF vehicles listed by plate and vehicle description | C17: 8 | D17: =IF(B17="yes",8,IF(B17="incomplete",4,IF(B17="no",0,IF(B17="N/A","",""))))
A19: 3. Does the Auto Crafts have an accurate inventory of each vehicle | C19: 10 | D19: =IF(B19="yes",10,IF(B19="incomplete",5,IF(B19="no",0,IF(B19="N/A","",""))))
A21: 4. When a NAF vehicle is issued, does the auto crafts | C21: 10 | D21: =IF(B21="yes",10,IF(B21="incomplete",5,IF(B21="no",0,IF(B21="N/A","",""))))
A22: do a complete walk through and inspected for:
A23: A: Scratches dents on Vehicle
A24: B: Cleanness of Vehicle
A25: C: New dispatch with starting millage
A26: D: Up to date gas card
A27: E: Up to date first aid kit
A28: F: Warning triangle
A29: G: Reflected Vest
A30: H: Ice scratcher
A32: 5. Are these kept on file for 6 months? | C32: 4 | D32: =IF(B32="yes",4,IF(B32="incomplete",2,IF(B32="no",0,IF(B32="N/A","",""))))
A34: 6. Is a 3161 completed for turn-in or issue of vehicle | C34: 4 | D34: =IF(B34="yes",4,IF(B34="incomplete",2,IF(B34="no",0,IF(B34="N/A","",""))))
A37: Gas Billing Procedures
A39: 7. Is each billing documented by facility | C39: 4 | D39: =IF(B39="yes",4,IF(B39="incomplete",2,IF(B39="no",0,IF(B39="N/A","",""))))
A40: 8. Is each billing submitted to DFAS by the second business day of | C40: 4 | D40: =IF(B40="yes",4,IF(B40="incomplete",2,IF(B40="no",0,IF(B40="N/A","",""))))
A41: the month
A42: SubTotal of Possible Points | C42: =SUM(C15:C40) -> 52
A43: Total value of questions marked "N/A" | C43: =SUMIF(B15:C40,"N/A",C15:C40) -> 0
A45: =CONCATENATE("Total for"," ",A8) -> Total for Auto Crafts | C45: =+C42-C43 -> 52 | D45: =SUM(D14:D44) -> 0
A47: NOTES:

Sheet RecTrac Reports
B1: RecTrac, GolfTrac, and CYMS Audit Activity
B2: INSTRUCTIONS
B3: Below audit reports will be run at the frequency needed to ensure that Rectrac internal controls are being applied consistently and properly within the garrison.
B4: Audit report results that are irregular or suspect will be referred to the garrison program division chief for review and action, as needed (see TAB 2, Results Log). A copy of each action will be provided to the Functional Administrator.
B5: The number of times each audit report is run during the quarter will be reported to the IMCOM-Europe FMG IAW recurring tasker instructions.
B7: REPORT NAME | C7: DESCRIPTION | D7: NOTES | E7: Recommended Times | F7: OCT | G7: NOV | H7: DEC | I7: JAN | J7: FEB | K7: MAR | L7: APR | M7: MAY | N7: JUN | O7: JUL | P7: AUG | Q7: SEP
E8: Per Month | F8: Times Run | G8: Times Run | H8: Times Run | I8: Times Run | J8: Times Run | K8: Times Run | L8: Times Run | M8: Times Run | N8: Times Run | O8: Times Run | P8: Times Run | Q8: Times Run
B9: ps0430 Inventory Postings | C9: allows you to review all posting (receivings reductions, and physical count changes) | D9: ISO/FA User ID should appear for Year-end Procedures
B10: ps0440 Inventory Month End Transfer | C10: only if facilities are moving inventory from one program to the next. only if facilities are moving inventory from one program to the next. | D10: Facilities should be generating once a month | E10: 1
B11: sa0331 Clost Out Adjustments | C11: Ability to see if drawers/batches are being tampered with. | D11: Should only see Manager ID | E11: 1
B12: sa0425 Global Misc Inc/Exp Postings | C12: Should only be someone from the FM shop doing this. With explanation | D12: Should only see manager ID | E12: 1
B13: sa0678 Payment Transaction Update | C13: Should only be someone from the FM shop doing this. With explanation | D13: Should only see manager ID | E13: 1
B14: sa0690 Transaction Update | C14: Should only be someone from the FM shop doing this. With explanation. This is where direct GL entries are made and should be reviewed by IC to also check FM shops | D14: MUST BE APPROVED BY FM:Should only see ADM, FA, FTS, GISO/ISO ID | E14: 1
B15: cy0475 CYS Misc Inc/Exp Postings | C15: Only FM or FTS if given permission. | D15: CYMS ONLY: Should only see MGR ID | E15: 1
B16: IB0300 Installment Billing Update | C16: To ensure it's being ran on time. | D16: CYMS ONLY: Should only see MGR ID | E16: 2
B17: Globsl Trial Balance Reports | D17: CYMS: Should be generated by Facility MGR RecTrac: Balances should not appear on the report | E17: 1
B18: Refund Report | C18: Spot check to ensure customers are actually signing for refunds. | D18: System Checks and Balances | E18: 1
B19: Inventory Valuation Report | C19: Verified Monthly to ensure managers are posting | D19: Should verify monthly basis to ensure managers are posting inventrories (Report is submitted to DFAS) | E19: 1
B20: Accounts Receivble (Household) Aging Report | D20: CYMS: HH will appear on the report RecTrac: Balances should not appear on the report | E20: 1
B21: Household Adjustment Decreace Report | D21: CYMS and RecTrac | E21: 1
B22: Pop Cash Drawer Report | D22: CYMS and RecTrac Mainly | E22: 2
B23: BALANCE Report - Manual HH Bal Modifications | D23: MUST BE APPROVED BY FM:Should only see ADM, FA, FTS, GISO/ISO ID | E23: 1
B24: Cost of Goods Sold | C24: Helps in 2 ways ( so that we are keeping inventories in line with benchmarks and not over charging customers) and identify mistakes that affect the over COG.
B25: Daily Inventory Accountability Report
B26: HH Balance Aging Report - | C26: Shouldn't be any balances
B27: HH Adjustment Decrease Report | C27: Review HH reductions
B28: HH Balance Modifications - | C28: Review adjustments being made on HH. Typically there are no balances on HH. Important to document.
B29: ***tckt-del - | C29: Review tickets that are being deleted with items attached -This is mostly in bar operations***

Sheet RecTrac ACTION  LOG
A1: RecTrac, GolfTrac, and CYMS Audit Activity
A2: INSTRUCTIONS
A3: For every irregularity discovered, prepare a written action to the garrison program division chief detailing the apparent problem(s) and requesting review and resolution.
A4: A written response will be requested from the program division chief that details actions taken to prevent recurrence of actual problem(s).
A5: Log actions on this TAB and retain copies of all correspondence/resolutions.
A7: REPORT | B7: DATE | H7: ACTION | I7: RESPOND | J7: DATE
A8: CNTRL NUM | B8: REPORTED | C8: IC | D8: DV | E8: PC | F8: LC | G8: AUDIT REPORT NAME | H8: OFFICER | I8: BY DATE | J8: CORRECTED | K8: NOTES
A9: 1
A10: 2
A11: 3
A12: 4
A13: 5
A14: 6
A15: 7
A16: 8
A17: 9
A18: 10
A19: 11
A20: 12
... A90: 82
